 Dungeon Crawl Stone Soup version 0.29-a0-330-g52719c12eb (webtiles) character file.

Game seed: 17564285936372826955

3 MalarOregon the Grasshopper (level 1, 0/17 HPs)
             Began as a Palentonga Warper on Apr 18, 2022.
             Slain by a gnoll
             ... wielding a +0 flail
              (7 damage)
             ... on level 1 of the Dungeon.
             The game lasted 00:00:45 (95 turns).

MalarOregon the Grasshopper (Palentonga Warper)       Turns: 95, Time: 00:00:46

Health: 0/17       AC:  4    Str: 14    XL:     1   Next: 41%
Magic:  3/3        EV:  9    Int: 13    God:
Gold:   0          SH:  0    Dex:  9    Spells: 4/4 levels left

rFire   . . .      SeeInvis +   a - +0 mace {mace}
rCold   . . .      Faith    .   (no shield)
rNeg    . . .      Spirit   .   b - +0 leather armour
rPois   .          Reflect  .   (no helmet)
rElec   .          Harm     .   (no cloak)
rCorr   .          Rampage  .   (no gloves)
Will    .....                   (no barding)
Stlth   +.........              (no amulet)
HPRegen 0.05/turn               (no ring)
MPRegen 0.08/turn               (no ring)

@: no status effects
A: large, rugged brown scales 3, see invisible, deformed body, roll 1, armoured
tail
a: Rolling Charge


You were on level 1 of the Dungeon.
You visited 1 branch of the dungeon, and saw 1 of its levels.


Innate Abilities, Weirdness & Mutations

You are completely covered in rugged brown scales. (AC +3, +7% HP)
You have supernaturally acute eyesight. (SInv)
Armour fits poorly on your strangely shaped body.
You can roll at nearby foes to attack.
You have a long armoured tail.


   Skills:
 + Level 2.0 Fighting
 * Level 2.1 Maces & Flails
 - Level 0.6 Throwing
 + Level 0.8 Armour
 + Level 1.6 Dodging
 + Level 2.0 Spellcasting
 + Level 3.0 Translocations


You had 4 spell levels left.
You didn't know any spells.
Your spell library contained the following spells:

 Spells                   Type           Power      Damage    Failure   Level
 Blink                    Tloc           18%        N/A       14%         2
 Gell's Gravitas          Tloc           9%         N/A       26%         3
 Lesser Beckoning         Tloc           9%         N/A       26%         3
 Teleport Other           Tloc           9%         N/A       26%         3
 Manifold Assault         Tloc           9%         N/A       94%         5

Inventory:

Hand Weapons
 a - a +0 mace (weapon) {mace}
Missiles
 d - 7 boomerangs of dispersal {=f!fthrowing}
Armour
 b - a +0 leather armour (worn)
Scrolls
 c - a scroll of blinking {!r}
 e - a scroll of identify {unknown}
 f - 3 scrolls of teleportation {unknown}
 g - a scroll of noise {unknown}

Dungeon Overview and Level Annotations

Branches:
Dungeon (1/15)

Altars:

#.....# .. .. .# #.###.#
#..#. .# #######.# #.. #..#.#
.^ ...##..###.. ..... .#
#.##....... #...
.#####.......##. #...
.##....##.#####.
#...######:#......#.####..
#.......g@....##..#..##..#
###....##.#.........#..##..#
.............##...##..##..##.
..............# ..#...##..##.
....?.........#.#.#.....##.<#
##............#......#..##..#
#...............#.#.#.##..##.
#.........###.###.#.#.##..##.
.........###.#...#.#...##..#


You could see a gnoll.


Message History

🤖 Initializing magus.rc ...
Options error: Delay interrupt name "hungry" not recognised. (~/.crawlrc:4771) Options error: Bad monster_list_colour key: strict_neutral (~/.crawlrc:4786) ✅ Successfully initialized magus.rc [v1.9.6] Welcome, MalarOregon the Palentonga Warper.
Will you prevail where others failed? Will you find the Orb of Zot?
Press ? for a list of commands and other information.
Found a staircase leading out of the dungeon.
Setting a skill training target for Throwing at 12.0.
Unknown command.
e - a scroll labelled CENOSO KIOLL Setting a skill training target for Maces & Flails at 14.0.
f - 3 scrolls labelled POSCHU NACOGUAS A ball python comes into view.
The ball python hisses angrily.
A hobgoblin comes into view.
Found a stone staircase leading down.
You sock the ball python!
You kill the ball python!
You see here a ball python corpse.
You barely miss the hobgoblin. The hobgoblin barely misses you.
You hit the hobgoblin. The hobgoblin barely misses you.
You hit the hobgoblin.
You kill the hobgoblin!
g - a scroll labelled KOR FOATTO
Found a stone staircase leading down.
A ball python comes into view.
The ball python hisses angrily.
Roll where?
Press: ? - help, Q - select action, (/) - cycle Dir - move target, f - ball python
Aim: a ball python You roll forward with a clatter of scales!
You closely miss the ball python.
You hear a shout!
The ball python bites you but does no damage.
You hit the ball python.
You kill the ball python!
A gnoll comes into view. It is wielding a +0 flail.
The gnoll shouts!
Roll where?
Press: ? - help, Q - select action, (/) - cycle Dir - move target, f - gnoll
Aim: a gnoll, wielding a +0 flail You roll forward with a clatter of scales!
You hit the gnoll.
You hear a shout!
The gnoll hits you with a +0 flail.
The gnoll hits you but does no damage. 😕 HP[-2]
You take 2 damage, and now have 15/17 hp.
The gnoll attacks as you move away!
The gnoll hits you with a +0 flail. 😮 HP[-5]
You take 5 damage, and now have 10/17 hp.
MASSIVE DAMAGE!! (PAUSE)
The gnoll attacks as you move away! The gnoll hits you with a +0 flail.
* * * LOW HITPOINT WARNING * * *
😨 HP[-3]
You take 3 damage, and now have 7/17 hp.
Unknown command.
The gnoll attacks as you move away! The gnoll hits you but does no damage.
The gnoll attacks as you move away! The gnoll hits you with a +0 flail!
You die...

Action                   || total
-------------------------++-------
Melee: Mace              ||     7
 Abil: Rolling Charge    ||     2
Armor: Leather armour    ||     3
Dodge: Dodged            ||     2

Levels and vault maps discovered:
D:1:      lightli_iron_boxes, layout_loops_cross

Notes
Turn   | Place    | Note
-------+----------+-------------------------------------------
     0 | D:1      | MalarOregon the Palentonga Warper began the quest for the
                  | Orb.
     0 | D:1      | Reached XP level 1. HP: 17/17 MP: 3/3
     0 | D:1      | magus.rc [v1.9.6]
    95 | D:1      | Slain by a gnoll

Vanquished Creatures
  2 ball pythons (D:1)
  A hobgoblin (D:1)
3 creatures vanquished.

Table legend:
 A = Non-vault XP
 B = Vault XP
 C = Vault XP percentage of total XP
 D = Non-vault monster count
 E = Vault monster count
 F = Vault count percentage of total count
                 A         B        C        D         E       F
            +---------+---------+-------+---------+---------+-------
      Total |       5 |       0 |   0.0 |       3 |       0 |   0.0
            +---------+---------+-------+---------+---------+-------
        D:1 |       5 |       0 |   0.0 |       3 |       0 |   0.0
            +---------+---------+-------+---------+---------+-------

Illustrated notes

Table legend:
 A = Kills in this place as a percentage of kills in entire the game.
 B = Kills by you in this place as a percentage of kills by you in the entire game.
 C = Kills by friends in this place as a percentage of kills by friends in the entire game.
 D = Other kills in this place as a percentage of other kills in the entire game.
 E = Experience gained in this place as a percentage of experience gained in the entire game.
 F = Experience gained in this place divided by the number of levels of this place that you have seen.
                   A       B       C       D       E      F
               +-------+-------+-------+-------+-------+----------------------
         Total | 100.0 | 100.0 |   N/A |   N/A | 100.0 |   5.0
       Dungeon | 100.0 | 100.0 |   N/A |   N/A | 100.0 |   5.0
               +-------+-------+-------+-------+-------+----------------------

Table legend: (Time is in decaauts)
 A = Elapsed time spent in this place.
 B = Non-inter-level travel time spent in this place.
 C = Inter-level travel time spent in this place.
 D = Time resting spent in this place.
 E = Time spent auto-exploring this place.
 F = Levels seen in this place.
 G = Mean time per level.
                   A        B        C        D        E       F      G
               +--------+--------+--------+--------+--------+-----+--------+
         Total |     97 |     97 |      0 |      0 |     71 |   1 |   97.0 |
       Dungeon |     97 |     97 |      0 |      0 |     71 |   1 |   97.0 |
               +--------+--------+--------+--------+--------+-----+--------+

Top non-repeatable levels by time:
     D:1: 97 daAuts
